AoeStats
← Joe

Arena

510428335Analyzed
3v3 RM · 18h ago on Oct 1, 2026· 77m 39s· 6 players
Game mode
Random Map
Map size
Normal (6 player)
Population
200
Speed
Normal
Resources
Standard
Victory
Conquest
Starting age
Dark Age
Ending age
Imperial Age
RankedLock teamsTeams togetherTeam positionsShared explorationLock speedFull tech treeHidden civsTurbo modeCheats
Victory
Defeat
🇨🇱 Spanish · Chile
1260
+15
🇨🇱 Britons · Chile
1248
+16
🇨🇱 Teutons · Chile
1215
+17
🇨🇱 Armenians · Chile
1263
-16
🇺🇸 Bohemians · United States
1242
-16
🇨🇦 Italians · Canada
1234
-16
hehe xd
10:39 Feudal Age
15:00 Castle Age
13:34 Double-Bit Axe
18:03 Fletching
19:38 Bow Saw
22:05 Loom
23:58 Fervor
26:50 Wheelbarrow
26:19 Horse Collar
28:55 Chemistry
28:35 Hand Cart
28:17 Town Watch
28:38 Bodkin Arrow
32:26 Imperial Age
31:08 Padded Archer Armor
31:42 Masonry
31:43 Fortified Wall
31:29 Elite Skirmisher
32:57 Heavy Plow
33:21 Leather Archer Armor
33:59 Siege Engineers
34:25 Conscription
35:07 Architecture
35:07 Bracer
35:55 Pikeman
36:35 Squires
36:36 Scale Mail Armor
36:47 Forging
37:07 Ring Archer Armor
37:43 Wagenburg Tactics
40:58 Houfnice
43:16 Chain Mail Armor
43:37 Iron Casting
46:32 Halberdier
65:59 Caravan
gatuzo
9:30 Feudal Age
13:38 Castle Age
12:16 Double-Bit Axe
13:04 Loom
18:34 Sanctity
18:45 Redemption
20:47 Fervor
23:46 Town Watch
23:44 Horse Collar
31:11 Imperial Age
30:01 Bow Saw
30:33 Gold Mining
Joe
11:02 Feudal Age
11:55 Double-Bit Axe
15:08 Castle Age
13:13 Horse Collar
16:20 Bow Saw
16:54 Loom
18:29 Gold Mining
18:31 Stone Mining
21:14 Elite Skirmisher
22:16 Squires
23:20 Town Watch
23:53 Heavy Plow
25:19 Wheelbarrow
25:26 Fletching
26:29 Bodkin Arrow
26:55 Padded Archer Armor
30:55 Imperial Age
29:25 Leather Archer Armor
30:21 Stone Shaft Mining
32:01 Conscription
32:50 Bracer
33:39 Ballistics
34:41 Chemistry
34:50 Ring Archer Armor
36:21 Hand Cart
36:07 Town Patrol
36:56 Bloodlines
36:46 Husbandry
37:10 Scale Barding Armor
37:16 Forging
36:51 Light Cavalry
38:23 Elite Genoese Crossbowman
40:17 Chain Barding Armor
43:07 Plate Barding Armor
43:27 Iron Casting
44:14 Masonry
44:15 Fortified Wall
45:05 Crop Rotation
46:37 Blast Furnace
45:10 Hussar
49:27 Treadmill Crane
53:45 Architecture
53:11 Murder Holes
53:39 Bombard Tower
53:27 Capped Ram
67:42 Two-Man Saw
Carlo Ancelotti
11:19 Feudal Age
15:28 Castle Age
13:19 Double-Bit Axe
20:23 Scale Barding Armor
20:28 Forging
24:00 Bow Saw
24:24 Gold Mining
25:39 Chain Barding Armor
25:55 Iron Casting
33:28 Imperial Age
34:25 Bloodlines
36:09 Blast Furnace
37:38 Two-Man Saw
36:29 Cavalier
38:27 Plate Barding Armor
38:22 Horse Collar
38:20 Paladin
40:42 Capped Ram
74:55 Conscription
edespanu
2:51 Loom
10:42 Feudal Age
14:36 Castle Age
13:08 Loom
14:50 Fletching
16:10 Bodkin Arrow
18:05 Horse Collar
18:45 Double-Bit Axe
21:13 Heavy Plow
21:36 Bow Saw
24:26 Town Watch
28:20 Wheelbarrow
30:31 Hand Cart
31:55 Gold Mining
31:55 Stone Mining
34:44 Imperial Age
32:35 Crossbowman
33:23 Padded Archer Armor
33:44 Ballistics
33:06 Treadmill Crane
33:51 Ballistics
34:37 Gold Shaft Mining
34:39 Leather Archer Armor
34:57 Yeomen
35:51 Conscription
36:33 Chemistry
35:34 Bracer
36:04 Ring Archer Armor
35:31 Arbalester
36:56 Elite Skirmisher
39:02 Conscription
46:41 Siege Engineers
47:56 Hoardings
62:14 Two-Man Saw
67:45 Fortified Wall
[aM] Hera
10:24 Feudal Age
10:39 Feudal Age
10:35 Loom
14:22 Castle Age
12:44 Horse Collar
13:59 Double-Bit Axe
21:18 Gold Mining
21:49 Bow Saw
24:46 Wheelbarrow
28:09 Imperial Age
25:50 Scale Mail Armor
27:29 Fortified Wall
27:00 Pikeman
27:41 Squires
28:02 Forging
28:38 Elite Skirmisher
30:38 Iron Casting
30:20 Chain Mail Armor
31:04 Fletching
31:15 Padded Archer Armor
33:17 Thumb Ring
33:29 Leather Archer Armor
33:10 Bodkin Arrow
34:20 Chemistry
33:41 Ballistics
33:50 Masonry
34:59 Conscription
37:02 Ring Archer Armor
36:32 Bracer
41:09 Blast Furnace
40:40 Plate Mail Armor
41:32 Two-Man Saw
49:14 Halberdier
72:44 Hand Cart
72:14 Town Watch
Connection lost

Rejoining the realm…

Still unreachable

The connection could not be restored.

Session expired

The server has moved on; the page needs a fresh start.